 Dungeon Crawl Stone Soup version 0.32-a0-953-g508020473e (webtiles) character file.

Game seed: 635126502112770831

61 Ofeo the Chopper (level 3, -5/20 (30) HPs)
             Began as a Mountain Dwarf Reaver on Apr 16, 2024.
             Slain by Terence
             ... wielding a +4 flail of protection
              (11 damage)
             ... on level 2 of the Dungeon on Apr 17, 2024.
             The game lasted 00:02:00 (1599 turns).

Ofeo the Chopper (Mountain Dwarf Reaver)            Turns: 1599, Time: 00:02:01

HP:   -5/20 (30)    AC:  3    Str: 14    XL:     3   Next: 83%
MP:   5/6           EV: 10    Int: 15    God:
Gold: 32            SH:  0    Dex:  8    Spells: 0/6 levels left

rFire   . . .        a - +0 hand axe
rCold   . . .        (no shield)
rNeg    . . .        b - +0 leather armour
rPois   .            (no helmet)
rElec   .            (no cloak)
rCorr   .            (no gloves)
SInv    .            (no boots)
Will    .....        (no amulet)
Stlth   +            (no ring)
HPRegen 0.23/turn    (no ring)
MPRegen 0.10/turn

%: no passive effects
@: attractive, very heavily drained
A: runic magic, artefact enchanting
a: no special abilities


You were on level 2 of the Dungeon.
You visited 1 branch of the dungeon, and saw 2 of its levels.

You collected 32 gold pieces.

Inventory:

Hand Weapons
 a - a +0 hand axe (weapon)
Missiles
 e - 6 curare-tipped darts
Armour
 b - a +0 leather armour (worn)
Scrolls
 d - a scroll of teleportation {unknown}
 f - 2 scrolls of vulnerability {unknown}
 g - 2 scrolls of fog {unknown}
Potions
 c - a potion of attraction
 h - a potion of curing {unknown}
 i - a potion of mutation {unknown}


   Skills:
 + Level 2.9 Fighting
 + Level 4.1 Axes
 + Level 1.8 Dodging
 + Level 2.2 Spellcasting
 + Level 3.1 Conjurations


You couldn't memorise any spells.
You knew the following spells:

 Your Spells              Type           Power      Damage    Failure   Level
a - Kiss of Death         Conj/Necr      24%        2d7       12%         1
b - Momentum Strike       Conj/Tloc      12%        3d8       19%         2
c - Hailstorm             Conj/Ice       6%         3d5       34%         3

Your spell library contained the following spells:

 Spells                   Type           Power      Damage    Failure   Level


Dungeon Overview and Level Annotations

Branches:
Dungeon (2/15)

Altars:

Shops:
D:1 =

Annotations:
D:2 Terence


Innate Abilities, Weirdness & Mutations

Your spellcasting is much less encumbered by armour.
You can use scrolls of enchantment on lesser artefacts.


Message History

You hit the ball python.
You kill the ball python!
You see here a ball python corpse.
Terence is nearby!
Terence shouts!
Terence is nearby!
Terence hits you with a +4 flail of protection.
You take 6 damage, and have 19/25 hp.
MASSIVE DAMAGE!!
You completely miss Terence.
Terence hits you with a +4 flail of protection.
You take 3 damage, and have 16/25 hp.
Terence is nearby!
You hit Terence but do no damage.
Terence hits you with a +4 flail of protection.
You take 3 damage, and have 13/25 hp.
You are too injured to fight recklessly!
Press: ? - help, v - describe, . - travel
Here: Terence, wielding a +4 flail of protection and wearing a +0 chain mail The floor.
Casting: Kiss of Death (safe; 12% risk of failure)
Confirm with . or Enter, or press ? or * to list all spells.
Aiming: Kiss of Death (safe; 12% risk of failure)
Press: ? - help, Shift-Dir - straight line, f - Terence
Aim: Terence, wielding a +4 flail of protection and wearing a +0 chain mail (100% to hit)
The fragment of death hits Terence.
Terence is drained!
Terence is moderately wounded.
You feel drained.
Terence hits you with a +4 flail of protection!
* * * LOW HITPOINT WARNING * * *
You take 7 damage, and have 6/20 hp.
MASSIVE DAMAGE!!
You now have 5/6 mp.
Casting: Kiss of Death (safe; 12% risk of failure)
Confirm with . or Enter, or press ? or * to list all spells.
Okay, then.
Okay, then.
It was a potion of attraction.
You feel attractive to monsters.
Terence hits you with a +4 flail of protection!
Ouch! That really hurt!
You die...
Terence says, "Rest in peace."

..$. ##.. #...
## .. #... #.
:# # #... #. .#
.. .... #.####)
.##.# ###.
.."...@###.....
#.@...# ###..##
#...# #.#.#
##.#.#######
#...........
#...†.......
##.#.########
.#####....#


You could see Terence (very drained).

Vanquished Creatures
  3 dart slugs
  A ribbon worm (D:2)
  4 bats
  9 endoplasms
  6 giant cockroaches
  4 goblins
  7 hobgoblins
  A quokka (D:1)
  3 ball pythons
  3 kobolds
  A rat (D:2)
42 creatures vanquished.

Notes
Turn   | Place    | Note
-------+----------+-------------------------------------------
     0 | D:1      | Ofeo the Mountain Dwarf Reaver began the quest for the Orb.
     0 | D:1      | Reached XP level 1. HP: 17/17 MP: 3/3
    77 | D:1      | Reached XP level 2. HP: 22/25 MP: 4/4
   162 | D:1      | HP: 1/25 [quokka (2)]
   400 | D:1      | Reached XP level 3. HP: 23/28 MP: 6/6
   462 | D:1      | Reached skill level 4 in Axes
   596 | D:1      | Found Kubb's Jewellery Boutique.
  1053 | D:2      | Noticed Terence
  1263 | D:2      | Learned a level 2 spell: Momentum Strike
  1267 | D:2      | Learned a level 3 spell: Hailstorm
  1599 | D:2      | Slain by Terence

Illustrated notes

Levels and vault maps discovered:
D:1:      dpeg_arrival_boxorama, layout_rooms, serial_shops, shop,
          kennysheep_small_spiral
D:2:      layout_loops_ring, chequers_mini_garden, uniq_natasha, uniq_terence

Skill      XL: |  1  2  3 |
---------------+----------+-----
Spellcasting   | 2 |  2.2
Axes           | 4 |  4.1
Conjurations   | 3 |  3.1
Fighting       | |  2.9
Dodging        | |  1.8

Action                     || total
---------------------------++-------
  Melee: Hand axe          ||   144
   Cast: Kiss of Death     ||     3
    Use: Potion            ||     1
 Armour: Leather armour    ||   116
  Dodge: Dodged            ||    84

Table legend: (Time is in decaauts)
 A = Elapsed time spent in this place.
 B = Non-inter-level travel time spent in this place.
 C = Inter-level travel time spent in this place.
 D = Time resting spent in this place.
 E = Time spent auto-exploring this place.
 F = Levels seen in this place.
 G = Mean time per level.
                   A        B        C        D        E       F      G
               +--------+--------+--------+--------+--------+-----+--------+
         Total |   1614 |   1586 |     28 |    125 |   1150 |   2 |  807.0 |
       Dungeon |   1614 |   1586 |     28 |    125 |   1150 |   2 |  807.0 |
               +--------+--------+--------+--------+--------+-----+--------+

Top non-repeatable levels by time:
     D:1: 1086 daAuts
     D:2: 528 daAuts
